 Dungeon Crawl Stone Soup version 0.28-a0-1087-gf3fc490d9d (webtiles) character file.

Game seed: 1254349729190149549

37 siradein the Skirmisher (level 3, 0/33 HPs)
             Began as a Draconian Fighter on Dec 10, 2021.
             Slain by a phantom (5 damage)
             ... on level 3 of the Dungeon.
             The game lasted 00:04:18 (2482 turns).

siradein the Skirmisher (Draconian Fighter)         Turns: 2482, Time: 00:04:18

Health: 0/33       AC:  5    Str: 18    XL:     3   Next: 21%
Magic:  3/3        EV: 12    Int:  8    God:
Gold:   111        SH:  4    Dex: 12    Spells: 2/2 levels left

rFire   . . .      SeeInvis .   a - +0 long sword
rCold   . . .      Faith    .   b - +0 buckler
rNeg    . . .      Spirit   .   (armour unavailable)
rPois   .          Reflect  .   (helmet restricted)
rElec   .          Harm     .   (no cloak)
rCorr   .          Rampage  .   (no gloves)
Will    .....                   (no boots)
Stlth   +.........              (no amulet)
HPRegen 0.11/turn               (no ring)
MPRegen 0.08/turn               (no ring)

@: no status effects
A: AC +5, unfitting armour, cold-blooded, sense surroundings 1
a: no special abilities


You were on level 3 of the Dungeon.
You visited 1 branch of the dungeon, and saw 3 of its levels.

You collected 111 gold pieces.

Inventory:

Hand Weapons
 a - a +0 long sword (weapon)
Missiles
 g - 2 atropa-tipped darts (quivered)
Armour
 b - a +0 buckler (worn)
Wands
 i - a wand of iceblast (14)
Scrolls
 d - a scroll of immolation
 e - a scroll of fear
 h - 4 scrolls of teleportation
 j - 3 scrolls of fog
 k - a scroll of noise {unknown}
Potions
 c - a potion of might
 f - a potion of curing


   Skills:
 + Level 3.7 Fighting
 + Level 2.4 Long Blades
 + Level 3.0 Dodging
 + Level 3.3 Shields


You had 2 spell levels left.
You didn't know any spells.
Your spell library contained the following spells:

 Spells                   Type           Power      Damage    Failure   Level
 Blink                    Tloc           0%         N/A       56%         2
 Passwall                 Tmut/Erth      0%         N/A       56%         2
 Lesser Beckoning         Tloc           0%         N/A       80%         3
 Swiftness                Air            0%         N/A       80%         3
 Manifold Assault         Tloc           0%         N/A       100%        5


Dungeon Overview and Level Annotations

Branches:
Dungeon (3/15)

Altars:
Makhleb


Innate Abilities, Weirdness & Mutations

Your plain brown scales are hard. (AC +5)
You cannot fit into any form of body armour.
You are cold-blooded and may be slowed by cold attacks.
You passively map a small area around you.


Message History

The phantom hits you but does no damage.
The phantom barely misses you.
You hit the phantom.
The phantom is lightly damaged.
The phantom hits you but does no damage.
You miss the phantom.
The phantom is lightly damaged.
The phantom hits you but does no damage.
You hit the phantom but do no damage.
The phantom is lightly damaged.
You block the phantom's attack.
The phantom hits you but does no damage.
You completely miss the phantom.
The phantom is lightly damaged.
The phantom barely misses you.
You barely miss the phantom.
The phantom is lightly damaged.
The phantom hits you!
You closely miss the phantom.
The phantom is lightly damaged.
The phantom hits you.
You are too injured to fight recklessly!
You are too injured to fight recklessly!
You are too injured to fight recklessly!
You are too injured to fight recklessly!
You are too injured to fight recklessly!
The phantom closely misses you. You block the phantom's attack.
The phantom hits you. The phantom barely misses you. The phantom hits you!
* * * LOW HITPOINT WARNING * * *
The phantom hits you.
* * * LOW HITPOINT WARNING * * *
There is a stone staircase leading up here.
The phantom hits you.
* * * LOW HITPOINT WARNING * * *
The phantom blinks!
You blink.
You stop ascending the stairs.
The phantom hits you.
You die...

..#.§#.......#.#.#
...§≈#.......#.#.#
.W≈≈≈#.......#.#.#
''####.......#.#.#
..#.......#..#§#.#
###.......#..###.#
* #.......#..# #.#
* #.......#.†# #W#
, #.#######.># #@#
#..........# #.#
,##########.###.#
, , ,#....#.######
#..#.#......#
#..#.#.####.# *
#..#.#....#.#
#..#.#.#..#.#
,#..#.#.##.#.#


You could see a phantom.

Vanquished Creatures
  3 worms (D:2)
  3 ball pythons
  2 endoplasms
  5 hobgoblins
  2 jackals (D:2)
  4 quokkas
  A frilled lizard (D:2)
  2 kobolds
  3 rats
25 creatures vanquished.

Notes
Turn   | Place    | Note
-------+----------+-------------------------------------------
     0 | D:1      | siradein the Draconian Fighter began the quest for the Orb.
     0 | D:1      | Reached XP level 1. HP: 19/19 MP: 1/1
  1180 | D:2      | Gained mutation: You passively map a small area around you.
                  | [potion of mutation]
  1218 | D:2      | Reached XP level 2. HP: 21/26 MP: 2/2
  1296 | D:2      | Found a burning altar of Makhleb.
  1963 | D:2      | Reached XP level 3. HP: 31/33 MP: 3/3
  2351 | D:3      | Noticed a phantom
  2413 | D:3      | HP: 1/33 [phantom (6)]
  2482 | D:3      | Slain by a phantom

Illustrated notes

Levels and vault maps discovered:
D:1:      lemuel_arrival_tunnels, layout_basic, minivault_19
D:2:      layout_basic, basic_altar, nrook_campfire
D:3:      layout_basic, hellmonk_ecumenical_altar_pennies_from_heaven,
          amethyst_killhole, hangedman_abyss_or_decor_lesser_grid,
          chequers_serial_rivers_micro_b, kennysheep_generic_room_5

Skill      XL: |  1  2 |
---------------+-------+-----
Dodging        | 3 |  3.0
Fighting       | |  3.7
Long Blades    | |  2.4
Shields        | |  3.3

Action                   || total
-------------------------++-------
Melee: Long sword        ||    94
       Tailslap          ||    15
  Use: Scroll            ||     6
       Potion            ||     1
 Stab: Sleeping          ||     2
Armor: Skin              ||    23
Dodge: Dodged            ||    41
Block: Buckler           ||    21

Table legend: (Time is in decaauts)
 A = Elapsed time spent in this place.
 B = Non-inter-level travel time spent in this place.
 C = Inter-level travel time spent in this place.
 D = Time resting spent in this place.
 E = Time spent auto-exploring this place.
 F = Levels seen in this place.
 G = Mean time per level.
                   A        B        C        D        E       F      G
               +--------+--------+--------+--------+--------+-----+--------+
         Total |   2509 |   2420 |     89 |      0 |   2058 |   3 |  836.3 |
       Dungeon |   2509 |   2420 |     89 |      0 |   2058 |   3 |  836.3 |
               +--------+--------+--------+--------+--------+-----+--------+

Top non-repeatable levels by time:
     D:1: 1140 daAuts
     D:2: 1110 daAuts
     D:3: 258 daAuts
